Map: 하드와이어 - 래더

Players

DRG - Winner!

  • Race: Zerg Zerg

Zoun

  • Race: Protoss Protoss
  • League: Master

Event: DreamHack SC2 Masters Last Chance 2022

VOD

Have the link to the VOD?

Description

Time

  • Played on: Dec. 19, 2021, 6:55 p.m.
  • Length: 10:15

All games in this series

Show
View Real Time Build Order
Export as new Build Order

DRG Zerg - Winner!

Build Orders: Hatch First 

Get SALT Encoding   

  12  0:00  Drone  
  13  0:11  Overlord  
  13  0:16  Drone  
  14  0:30  Drone x2  
  14  0:33  Drone  
  17  0:51  Hatchery  
  17  0:54  Drone  
  17  0:57  Drone  
  18  1:08  Extractor  
  17  1:13  Spawning Pool  
  17  1:15  Drone  
  17  1:19  Drone  
  18  1:27  Drone  
  19  1:38  Drone  
  20  1:48  Overlord  
  20  2:00  Queen  
  22  2:03  Queen  
  22  2:04  Zergling x4  
  26  2:11  Drone  
  26  2:13  Metabolic Boost  
  26  2:14  Drone  
  28  2:21  Drone  
  29  2:25  Drone  
  30  2:31  Drone  
  30  2:35  Drone  
  32  2:41  Hatchery  
  31  2:45  Queen  
  31  2:49  Overlord  
  33  2:51  Drone  
  33  2:55  Drone  
  35  3:03  Overlord  
  35  3:06  Drone  
  35  3:11  Drone x4  
  35  3:12  Drone  
  40  3:15  Spore Crawler  
  40  3:16  Drone  
  40  3:18  Drone  
  42  3:21  Queen  
  44  3:27  Queen  
  44  3:31  Overlord  
  46  3:36  Drone x3  
  49  3:41  Overlord  
  49  3:47  Overlord  
  49  3:49  Spore Crawler  
  49  3:50  Drone x2  
  49  3:51  Drone  
  49  3:53  Spore Crawler  
  50  3:56  Zergling x4  
  50  3:58  Drone  
  50  4:01  Drone  
  54  4:03  Drone x2  
  54  4:08  Zergling x2  
  54  4:09  Drone  
  58  4:13  Queen  
  58  4:15  Drone  
  58  4:16  Overlord  
  61  4:20  Drone x3  
  61  4:23  Drone  
  65  4:24  Drone  
  65  4:27  Overlord  
  65  4:30  Zergling x2  
  67  4:35  Spore Crawler  
  67  4:38  Drone x2  
  66  4:42  Drone x2  
  66  4:43  Drone  
  69  4:47  Drone x2  
  69  4:49  Roach Warren  
  70  4:53  Lair  
  70  4:54  Drone  
  70  4:56  Extractor  
  70  4:57  Extractor  
  70  4:58  Drone x4  
  73  5:01  Drone  
  73  5:04  Overlord  
  74  5:08  Drone  
  74  5:12  Drone, Extractor  
  74  5:13  Extractor x2  
  73  5:16  Drone x3  
  73  5:19  Drone x2  
  78  5:22  Hatchery  
  78  5:24  Drone x6  
  83  5:29  Drone x2, Evolution Chamber  
  83  5:33  Drone  
  85  5:38  Overlord  
  85  5:39  Overlord  
  85  5:41  Queen x2  
  89  5:45  Overlord  
  90  5:50  Zergling x4  
  90  5:51  Overseer  
  90  5:54  Spire  
  90  5:57  Queen  
  90  5:59  Drone x2  
  90  6:01  Zerg Missile Weapons Level 1, Glial Reconstitution  
  93  6:05  Overlord x2  
  93  6:09  Overlord  
  93  6:13  Drone x6  
  93  6:16  Drone  
  93  6:18  Queen  
  102  6:20  Queen  
  102  6:25  Overseer  
  104  6:27  Overlord  
  104  6:32  Roach x6  
  116  6:33  Overlord  
  116  6:39  Overlord  
  116  6:40  Overlord  
  116  6:42  Spore Crawler  
  116  6:44  Roach x3  
  120  6:47  Queen  
  120  6:51  Roach  
  120  6:52  Roach x2  
  120  6:53  Overlord, Extractor  
  127  6:54  Extractor  
  127  6:56  Queen  
  127  6:59  Roach x2  
  132  7:03  Roach x3  
  132  7:08  Roach x3  
  144  7:12  Drone x2  
  144  7:14  Zerg Flyer Weapons Level 1  
  146  7:16  Ravager x9  
  146  7:20  Roach x2  
  159  7:32  Roach x6  
  159  7:35  Roach x2  
  174  7:39  Roach x2  
  173  7:48  Overlord  
  173  7:49  Roach x4  
  173  7:51  Overlord x2  
  175  7:57  Zerg Missile Weapons Level 2, Overlord  
  175  8:04  Overlord  
  175  8:19  Roach x8  
  165  8:30  Roach x9  
  171  8:39  Roach x6  
  159  8:50  Roach x6  
  160  9:06  Mutalisk  
  160  9:07  Mutalisk x6  
  167  9:19  Mutalisk x4  
  161  9:28  Mutalisk x2  
  127  9:41  Mutalisk x2  
  117  9:50  Mutalisk  
  117  9:51  Mutalisk x2  
  118  10:11  Hatchery  
Show
View Real Time Build Order
Export as new Build Order

Zoun Protoss 

Build Orders: 1 Gate Expand, Oracle Opening, Zealot Archon 

Get SALT Encoding   

  12  0:00  Probe  
  13  0:12  Probe  
  14  0:19  Pylon  
  14  0:24  Probe  
  15  0:37  Probe (Chrono Boost)  
  15  0:39  Gateway  
  16  0:46  Probe (Chrono Boost)  
  17  0:50  Assimilator  
  17  0:51  Probe  
  18  1:03  Probe  
  19  1:15  Probe  
  20  1:25  Nexus  
  20  1:37  Cybernetics Core  
  20  1:39  Probe  
  21  1:45  Assimilator  
  21  1:51  Probe  
  21  1:53  Pylon  
  22  2:03  Probe  
  23  2:11  Adept (Chrono Boost)  
  26  2:15  Probe  
  26  2:18  Stargate  
  26  2:25  Warp Gate  
  26  2:28  Probe (Chrono Boost)  
  27  2:33  Adept  
  29  2:37  Probe (Chrono Boost)  
  29  2:40  Probe (Chrono Boost)  
  31  2:47  Probe (Chrono Boost)  
  31  2:48  Probe (Chrono Boost)  
  33  2:52  Probe (Chrono Boost)  
  33  2:54  Probe  
  33  2:55  Void Ray (Chrono Boost)  
  35  3:04  Probe  
  40  3:06  Probe  
  40  3:08  Pylon  
  41  3:16  Probe  
  42  3:22  Gateway, Probe  
  43  3:30  Oracle (Chrono Boost)  
  43  3:32  Probe  
  47  3:36  Probe  
  48  3:44  Probe  
  49  3:48  Nexus  
  49  3:50  Pylon  
  49  3:54  Probe (Chrono Boost)  
  50  3:57  Assimilator  
  50  3:58  Probe (Chrono Boost)  
  50  3:59  Assimilator  
  51  4:08  Probe (Chrono Boost)  
  51  4:09  Probe (Chrono Boost), Shield Battery  
  53  4:13  Probe (Chrono Boost)  
  53  4:16  Probe  
  55  4:17  Stargate  
  55  4:24  Probe  
  55  4:27  Protoss Air Weapons Level 1  
  55  4:28  Void Ray, Probe, Pylon  
  57  4:37  Forge  
  61  4:39  Pylon  
  61  4:42  Probe  
  62  4:50  Twilight Council  
  62  4:51  Probe (Chrono Boost)  
  63  4:54  Probe (Chrono Boost)  
  63  4:56  Void Ray  
  64  5:00  Probe (Chrono Boost)  
  64  5:03  Probe (Chrono Boost)  
  64  5:04  Protoss Ground Weapons Level 1  
  64  5:06  Probe (Chrono Boost)  
  71  5:10  Probe (Chrono Boost)  
  71  5:12  Probe x2 (Chrono Boost)  
  71  5:13  Void Ray  
  74  5:17  Probe  
  79  5:21  Probe  
  79  5:23  Probe  
  79  5:25  Assimilator  
  81  5:29  Robotics Facility, Assimilator, Probe  
  81  5:33  Probe  
  81  5:35  Probe  
  84  5:39  Charge (Chrono Boost)  
  84  5:40  Pylon  
  84  5:41  Probe  
  85  5:43  Gateway  
  85  5:45  Probe  
  85  5:46  Gateway  
  86  5:50  Gateway, Probe  
  86  5:53  Gateway  
  86  5:54  Probe  
  88  5:57  Probe  
  88  6:03  Templar Archives  
  89  6:08  Gateway  
  89  6:09  Gateway  
  89  6:14  Warp Prism (Chrono Boost)  
  91  6:20  Gateway  
  91  6:22  Gateway  
  91  6:29  Gateway  
  91  6:30  Gateway  
  91  6:33  Pylon  
  91  6:35  Pylon  
  91  6:37  Pylon  
  91  6:41  High Templar x4  
  91  6:44  Observer, Pylon  
  91  6:46  Archon x2  
  100  6:59  Pylon  
  100  7:06  High Templar  
  100  7:07  Zealot x2  
  106  7:09  Robotics Bay  
  106  7:11  Photon Cannon  
  106  7:12  High Templar  
  106  7:14  Zealot x4  
  116  7:16  Archon  
  116  7:18  Zealot x2  
  120  7:25  Probe x2  
  122  7:32  Pylon  
  122  7:33  Zealot  
  121  7:39  Robotics Facility  
  121  7:40  Zealot x4, Shield Battery  
  121  7:41  Zealot x3  
  131  7:45  High Templar  
  131  7:46  High Templar  
  133  7:53  Archon, Disruptor (Chrono Boost)  
  133  7:54  Shield Battery  
  133  7:56  Photon Cannon  
  133  7:57  High Templar  
  133  7:58  Zealot  
  140  7:59  High Templar  
  140  8:03  Archon  
  140  8:04  Zealot x4  
  140  8:05  Zealot  
  149  8:19  Disruptor (Chrono Boost)  
  137  8:24  Zealot x5  
  137  8:25  Zealot x2  
  144  8:27  Zealot x2  
  144  8:32  Zealot x2  
  144  8:33  Disruptor (Chrono Boost)  
  140  8:37  Zealot  
  127  8:44  Disruptor (Chrono Boost)  
  127  8:46  Zealot x4  
  128  8:55  Zealot x3  
  114  8:57  High Templar x2  
  114  9:01  Archon  
  106  9:07  Zealot x2, High Templar x2  
  112  9:11  Archon  
  105  9:21  Zealot x4  
  100  9:29  Zealot x2  
  100  9:30  Void Ray x2  
  102  9:37  Zealot  
  97  9:51  Nexus  
  95  9:56  High Templar x2  
  99  10:00  Archon, Pylon  

Tags
 
Add a new tag
Caveats
  • Supply blocks, unpowered buildings, or Contaminate may cause inaccurate times.
  • Supply counts are checked every 10 seconds.